 Dungeon Sprint DCSS version 0.28-a0-124-g73ec313a74 (webtiles) character file.

Game seed: 5862465733398094688

4067 MikeHunt the Fighter (level 10, -19/83 HPs)
             Began as a Djinni Ice Elementalist on Aug 15, 2021.
             Was a High Priest of Makhleb.
             Killed from afar by a deep elf knight (62 damage)
             ... with a shard of ice
             ... in the Dungeon (Sprint III: "The Ten Rune Challenge").
             The game lasted 00:13:38 (2730 turns).

MikeHunt the Fighter (Djinni Ice Elementalist)      Turns: 2730, Time: 00:13:38

Health: -19/83     AC:  9    Str:  7    XL:     10   Next: 49%
Gold:   1438       EV: 14    Int: 19    God:    Makhleb [*****.] SH:  0 Dex: 17

rFire   + + +      SeeInvis .   o - +0 long sword (holy)
rCold   x . .      Faith    .   (no shield)
rNeg    . . .      Spirit   .   r - +3 ring mail {rF+}
rPois   ∞          Reflect  .   (no helmet)
rElec   .          Harm     .   (no cloak)
rCorr   .          Rampage  .   q - +0 pair of gloves {Stlth+}
Will    +....      Clarity  +   (boots unavailable) Stlth ++++......NoTele +
                                (no amulet)
HPRegen 0.23/turn               (no ring)
MPRegen 0.00/turn               (no ring)

@: flying
A: sickness immunity, fire resistance 2, cold vulnerability 1, float, innate
caster, hp casting, extra vitality 1, agile 1, clarity, sense surroundings 1
a: Renounce Religion, Minor Destruction, Lesser Servant of Makhleb, Major
Destruction, Greater Servant of Makhleb


You were in the Dungeon.
You worshipped Makhleb.
Makhleb was extremely pleased with you.
You visited 1 branch You collected 1888 gold pieces.
You spent 450 gold pieces at shops.

Inventory:

Hand Weapons
 g - a +0 dagger of venom
 o - a +0 long sword of holy wrath (weapon)
 p - a +1 short sword of electrocution
Armour
 a - a +0 robe
 h - a +0 robe
 q - a +0 pair of gloves of stealth (worn)
 r - a +3 ring mail of fire resistance (worn)
Wands
 c - a wand of flame (22)
Scrolls
 i - a scroll of torment {unknown}
 j - 4 scrolls of identify
 l - a scroll of holy word {unknown}
Potions
 b - a potion of curing
 d - a potion of haste
 f - 2 potions of might
 k - 2 potions of flight {unknown}
 m - 4 potions of mutation
 n - a potion of heal wounds
Miscellaneous
 e - a phial of floods


   Skills:
 - Level 11.6 Fighting
 - Level 4.9 Long Blades
 + Level 0.0 Armour
 - Level 10.4 Dodging
 - Level 5.9 Stealth
 - Level 10.7 Spellcasting
 - Level 5.8 Invocations
 - Level 7.8 Evocations


You had 11 spell levels left.
You knew the following spells:

 Your Spells              Type           Power      Damage    Failure   Level
a - Beastly Appendage     Tmut           100%       N/A       1%          1
b - Frozen Ramparts       Ice            100%       1d12      1%          3
c - Hailstorm             Conj/Ice       50%        3d11      3%          4
d - Call Imp              Summ           50%        N/A       1%          2
e - Freeze                Ice            100%       1d11      1%          1
f - Confusing Touch       Hex            50%        N/A       1%          3
q - Blink                 Tloc           N/A        N/A       1%          2
x - Ozocubu's Armour      Ice            50%        N/A       1%          3
Your spell library was empty.

Dungeon Overview and Level Annotations

Branches:
Dungeon (1/1)

Altars:
Cheibriados
Dithmenos
Elyvilon
Fedhas
Gozag
Hepliaklqana
Kikubaaqudgha
Makhleb
Nemelex Xobeh
Okawaru
Qazlal
Ru
Sif Muna
Trog
Uskayaw
Vehumet
Wu Jian
Xom
Yredelemnul
Zin
The Shining One
Beogh
Jiyva
Lugonu

Shops:
D [


Innate Abilities, Weirdness & Mutations

You are immune to sickness and miasma.
You are immune to poison.
Your flesh is very heat resistant. (rF++)
You are vulnerable to cold. (rC-)
You float through the air rather than walking.
You learn spells naturally, not from books.
Your magical power is your life essence.
You have superior vitality. (+4 HP)
You are agile. (Dex +2)
You possess an exceptional clarity of mind.
You passively map a small area around you.


Message History

Confirm with . or Enter, or press ? or * to list all spells.
A beastly little devil appears in a puff of flame.
The deep elf knight gestures wildly while chanting.
The deep elf knight flickers and vanishes!
Deactivating autopickup; reactivate with Ctrl-A.
You hear some strange, mumbled words.
A lance of force appears from out of thin air!
The lance of force misses you.
There is an entrance to Soraf's Armour Emporium here.
The deep elf knight points at you and mumbles some strange words.
The shard of ice hits something!!
Something hits your crimson imp!
There is an open door to the Orcish Mines here.
Casting: Call Imp (safe; 1% risk of failure)
Confirm with . or Enter, or press ? or * to list all spells.
A beastly little devil appears in a puff of flame.
You swap places.
You hear some strange, mumbled words.
A shard of ice appears from out of thin air!
The shard of ice hits your crimson imp!!!
Your crimson imp is frozen!
Your crimson imp dies!
Items here: )))).
You hear some strange, mumbled words.
A shard of ice appears from out of thin air!
The shard of ice misses you.
There is an open door here.
Casting: Call Imp (safe; 1% risk of failure)
Confirm with . or Enter, or press ? or * to list all spells.
A beastly little devil appears in a puff of flame.
You hear some strange, mumbled words.
A shard of ice appears from out of thin air!
The shard of ice hits you. Something hits you!
You swap places.
Something hits your crimson imp!!
Your crimson imp dies!
You hear some strange, mumbled words.
A shard of ice appears from out of thin air!
The shard of ice hits you!!!
You feel a painful chill!
Ouch! That really hurt!
You die...

▓▓▓ ▓▓▓▓▓ ▓▓▓▓
##.############.#.####..######
####..#___#___#__#..###.#e..'.#..
#..#..#...#__)#._#..........#.#..
#..#..###'#'###)##....[...###.#..
##'#..#...)..)...#....)....##.#e.
###..)).⌠))......#..{##.#####.ee.
###...#...######@#...#.....######
##..).#.⌠.#__#...#'##############
#.....#...#__#...#..).#.#.#.....#
.)....#'###__#..{##.#.)#.##)###.#
#.....#.):#__#...'##.#.#)##.# , #
##....#___#__'...#.).#..#..##
▓▓▓▓▓▓▓▓▓▓▓▓▓▓▓▓▓▓▓▓▓▓▓▓▓▓▓* ** ≈
,, , * , ≈≈,, * * , * ≈ ≈ ^


There were no monsters in sight!

Vanquished Creatures
  2 orc high priests (D)
  An orc knight (D)
  2 orc sorcerers (D)
  A deep elf pyromancer (D)
  A shadow (D)
  A spatial vortex (D)
  A necrophage (D)
  4 two-headed ogres (D)
  A water elemental (D)
  3 orc priests (D)
  A jelly (D)
  Jessica (D)
  A wizard (D)
  An orc wizard (D)
  3 humans (D)
  A kobold demonologist (D)
  A wolf (D)
  6 orcs (D)
  2 endoplasms (D)
  A rat (D)
35 creatures vanquished.

Vanquished Creatures (collateral kills)
  A necromancer (D)
  An orc (D)
2 creatures vanquished.

Vanquished Creatures (others)
  4 plants (D)
4 creatures vanquished.

Grand Total: 41 creatures vanquished

Notes
Turn   | Place    | Note
-------+----------+-------------------------------------------
     0 | D        | MikeHunt the Djinni Ice Elementalist began the quest for
                  | the Orb.
     0 | D        | Reached XP level 1. HP: 15/15 MP: 0/0
   202 | D        | Noticed Jessica
   215 | D        | Killed Jessica
   216 | D        | Reached skill level 3 in Fighting
   216 | D        | Reached XP level 2. HP: 18/25 MP: 0/0
   216 | D        | Reached XP level 3. HP: 21/30 MP: 0/0
   216 | D        | Learned a level 1 spell: Beastly Appendage
   319 | D        | Reached skill level 4 in Fighting
   480 | D        | Reached skill level 5 in Spellcasting
   480 | D        | Reached XP level 4. HP: 33/38 MP: 0/0
   499 | D        | Gained mutation: Your body sometimes deteriorates upon
                  | taking damage. [potion of mutation]
   499 | D        | Gained mutation: You are agile. (Dex +2) [potion of
                  | mutation]
   500 | D        | Lost mutation: Your body sometimes deteriorates upon taking
                  | damage. [potion of mutation]
   500 | D        | Lost mutation: You are agile. (Dex +2) [potion of mutation]
   500 | D        | Gained mutation: You are agile. (Dex +2) [potion of
                  | mutation]
   500 | D        | Gained mutation: You passively map a small area around you.
                  | [potion of mutation]
   500 | D        | Gained mutation: You possess an exceptional clarity of
                  | mind. [potion of mutation]
   507 | D        | Noticed a water elemental
   526 | D        | Killed a water elemental
   527 | D        | Reached skill level 6 in Fighting
   527 | D        | Reached XP level 5. HP: 5/45 MP: 0/0
   527 | D        | Learned a level 2 spell: Call Imp
   827 | D        | Found a basalt altar of Yredelemnul.
   827 | D        | Found a shadowy altar of Dithmenos.
   827 | D        | Found a sacrificial altar of Ru.
   827 | D        | Noticed a necrophage
   842 | D        | Killed a necrophage
   843 | D        | Reached skill level 7 in Fighting
   843 | D        | Reached XP level 6. HP: 36/53 MP: 0/0
   942 | D        | Found a hide-covered altar of Uskayaw.
   942 | D        | Found an iron altar of Okawaru.
   942 | D        | Found a bloodstained altar of Trog.
   942 | D        | Found an ornate altar of the Wu Jian Council.
   942 | D        | Noticed a human
   943 | D        | Noticed a human
   952 | D        | Killed a human
   953 | D        | Reached skill level 8 in Fighting
   958 | D        | Killed a human
   959 | D        | Reached skill level 9 in Fighting
   959 | D        | Reached skill level 5 in Evocations
   959 | D        | Reached XP level 7. HP: 33/61 MP: 0/0
   959 | D        | Learned a level 2 spell: Blink
  1090 | D        | Found a glowing silver altar of Zin.
  1090 | D        | Found a glowing golden altar of the Shining One.
  1090 | D        | Found a white marble altar of Elyvilon.
  1090 | D        | Noticed a deep elf pyromancer
  1095 | D        | Killed a deep elf pyromancer
  1096 | D        | Reached skill level 5 in Dodging
  1096 | D        | Reached XP level 8. HP: 47/67 MP: 0/0
  1240 | D        | Noticed a shadow
  1245 | D        | Killed a shadow
  1246 | D        | Reached skill level 5 in Stealth
  1378 | D        | Found a blossoming altar of Fedhas.
  1378 | D        | Found a stormy altar of Qazlal.
  1378 | D        | Found a snail-covered altar of Cheibriados.
  1378 | D        | Found a burning altar of Makhleb.
  1378 | D        | Found a shimmering altar of Xom.
  1380 | D        | Found a hazy altar of Hepliaklqana.
  1380 | D        | Found an opulent altar of Gozag.
  1380 | D        | Found a sparkling altar of Nemelex Xobeh.
  1380 | D        | Found a corrupted altar of Lugonu.
  1380 | D        | Found a viscous altar of Jiyva.
  1391 | D        | Became a worshipper of Makhleb the Destroyer
  1574 | D        | Reached * piety under Makhleb
  1575 | D        | Reached XP level 9. HP: 65/73 MP: 0/0
  1575 | D        | Learned a level 3 spell: Confusing Touch
  1577 | D        | Noticed a two-headed ogre
  1584 | D        | Killed a two-headed ogre
  1801 | D        | Found Soraf's Armour Emporium.
  1801 | D        | Noticed an orc knight
  1801 | D        | Noticed an orc sorcerer
  1872 | D        | Reached ** piety under Makhleb
  1910 | D        | Killed an orc knight
  2235 | D        | Noticed an ice devil
  2237 | D        | Killed an orc sorcerer
  2238 | D        | Reached skill level 10 in Fighting
  2238 | D        | Reached skill level 10 in Spellcasting
  2494 | D        | Reached *** piety under Makhleb
  2602 | D        | Noticed an orc high priest
  2603 | D        | Noticed an orc high priest
  2607 | D        | Killed an orc high priest
  2607 | D        | Reached **** piety under Makhleb
  2608 | D        | Reached skill level 11 in Fighting
  2608 | D        | Reached XP level 10. HP: 82/82 MP: 0/0
  2610 | D        | Killed an orc high priest
  2611 | D        | Reached skill level 10 in Dodging
  2611 | D        | Reached skill level 5 in Invocations
  2617 | D        | Noticed an orc sorcerer
  2628 | D        | Killed an orc sorcerer
  2629 | D        | Reached ***** piety under Makhleb
  2638 | D        | Bought a +0 pair of gloves of stealth for 138 gold pieces
  2643 | D        | Bought a +3 ring mail of fire resistance for 312 gold
                  | pieces
  2699 | D        | Noticed a deep elf knight
  2699 | D        | Noticed a deep elf knight
  2699 | D        | Noticed a deep elf pyromancer
  2699 | D        | Noticed a deep elf zephyrmancer
  2699 | D        | Noticed a deep elf pyromancer
  2730 | D        | Killed from afar by a deep elf knight

Illustrated notes

Levels and vault maps discovered:
D:        dungeon_sprint_mu [sprint_mu_entry_cave, sprint_mu_temple_rooms,
          sprint_mu_d1_spiders, sprint_mu_d2_genie, sprint_mu_d3_branching,
          sprint_mu_orc_legion, sprint_mu_elf_gauntlet, sprint_mu_hive_nellie,
          sprint_mu_lair_fedhas, sprint_mu_vaults_butterflies,
          sprint_mu_slime_circle, sprint_mu_swamp_cave, sprint_mu_snake_twists,
          sprint_mu_blade_basic, sprint_mu_crypt_chambers,
          sprint_mu_tomb_spiral, sprint_mu_vestibule_basic,
          sprint_mu_gehenna_hellfire, sprint_mu_dis_giant,
          sprint_mu_tartarus_statrot, sprint_mu_cocytus_islands, sprint_mu_zot1]

Skill      XL: |  1  2  3  4  5  6  7  8  9 10 |
---------------+-------------------------------+-----
Stealth        | 2 4 5 |  5.9
Fighting       | 3 4 6 7 9 11 | 11.6
Spellcasting   | 4 5 6 8 9 10 | 10.7
Evocations     | 5 6 7 |  7.8
Dodging        | 5 7 9 10 | 10.4
Invocations    | 4 5 |  5.8
Long Blades    | 4 |  4.9

Action                   |  1- 3 |  4- 6 |  7- 9 | 10-12 || total
-------------------------+-------+-------+-------+-------++-------
Melee: Long sword        |       |       |    17 |       ||    17
 Cast: Freeze            |    15 |    14 |    23 |     5 ||    57
       Frozen Ramparts   |     2 |     5 |     7 |     1 ||    15
       Call Imp          |       |     2 |    15 |     3 ||    20
       Hailstorm         |       |     1 |    12 |       ||    13
       Ozocubu's Armour  |       |       |     2 |       ||     2
Invok: Minor Destruction |       |       |     9 |     3 ||    12
Evoke: Phial of floods   |       |       |     1 |       ||     1
  Use: Potion            |       |     3 |     2 |       ||     5
       Scroll            |       |     1 |       |       ||     1
 Stab: Distracted        |       |       |     1 |       ||     1
Armor: Robe              |     3 |     1 |     3 |       ||     7
Dodge: Dodged            |     9 |     5 |    31 |     4 ||    49
       Rpst.: Long sword |       |       |     6 |     1 ||     7

Table legend: (Time is in decaauts)
 A = Elapsed time spent in this place.
 B = Non-inter-level travel time spent in this place.
 C = Inter-level travel time spent in this place.
 D = Time resting spent in this place.
 E = Time spent auto-exploring this place.
 F = Levels seen in this place.
 G = Mean time per level.
                   A        B        C        D        E       F      G
               +--------+--------+--------+--------+--------+-----+--------+
         Total |   2743 |   2743 |      0 |   1924 |    111 |   1 | 2743.0 |
       Dungeon |   2743 |   2743 |      0 |   1924 |    111 |   1 | 2743.0 |
               +--------+--------+--------+--------+--------+-----+--------+

Top non-repeatable levels by time:
       D: 2743 daAuts
